 Dungeon Crawl Stone Soup version 0.29.1-1-gd02db6906a (webtiles) character file.

Game seed: 8551275419340763681

221 Linkola the Cudgeller (level 5, -4/47 HPs)
             Began as a Minotaur Berserker on Sept 21, 2022.
             Was a Believer of Trog.
             Slain by a water moccasin (7 damage)
             ... on level 6 of the Dungeon.
             The game lasted 00:06:48 (2723 turns).

Linkola the Cudgeller (Minotaur Berserker)          Turns: 2723, Time: 00:06:49

Health: -4/47      AC:  3    Str: 31    XL:     5   Next: 65%
Magic:  4/4        EV: 12    Int:  4    God:    Trog [**....]
Gold:   168        SH:  0    Dex: 10    Spells: 4/4 levels left

rFire   . . .      SeeInvis .   c - +5 whip
rCold   . . .      Faith    .   (no shield)
rNeg    . . .      Spirit   .   i - +0 leather armour of the Gazing Gods {Contam Rampage rPois Str+8}
rPois   +          Reflect  .   (helmet restricted)
rElec   .          Harm     .   (no cloak)
rCorr   .          Rampage  +   (no gloves)
Will    .....                   (no boots)
Stlth   +.........              (no amulet)
HPRegen 0.15/turn               (no ring)
MPRegen 0.09/turn               (no ring)

@: no status effects
A: horns 2, retaliatory headbutt
a: Renounce Religion, Berserk, Trog's Hand


You were on level 6 of the Dungeon.
You worshipped Trog.
Trog was pleased with you.
You visited 1 branch of the dungeon, and saw 4 of its levels.

You collected 168 gold pieces.

Inventory:

Hand Weapons
 c - a +5 whip (weapon)
Missiles
 a - 21 stones (quivered)
 h - 4 poisoned darts
Armour
 f - a +0 chain mail
 i - the +0 leather armour of the Gazing Gods (worn) {Contam Rampage rPois Str+8}
   (You found it on level 3 of the Dungeon)

   Str:       It affects your strength (+8).
   rPois:     It protects you from poison.
   Contam:    It causes magical contamination when unequipped.
   Rampage:   It bestows one free step when moving towards enemies.
Scrolls
 g - a scroll of immolation {unknown}
Potions
 b - a potion of curing {unknown}
 d - 2 potions of heal wounds
 e - a potion of brilliance {unknown}


   Skills:
 + Level 4.6 Fighting
 + Level 5.6 Maces & Flails
 * Level 2.4 Throwing
 + Level 3.1 Armour
 + Level 3.0 Dodging


You had 4 spell levels left.
You didn't know any spells.
Your spell library was empty.

Dungeon Overview and Level Annotations

Branches:
Dungeon (3/15)

Altars:
Xom

Shops:
D:1 *


Innate Abilities, Weirdness & Mutations

You have a pair of horns on your head.
You reflexively headbutt those who attack you in melee.


Message History

You feel sick. The adder bites you but does no damage.
The water moccasin barely misses you.
You whack the adder!
You kill the adder!
Trog accepts your kill.
You feel sick. The water moccasin misses you.
Your Dodging skill increases to level 3!
You feel sick.
You are no longer poisoned.
You see here an adder corpse.
Found a pair of runed boots.
Found a shimmering altar of Xom.
The water moccasin bites you but does no damage.
The phantom attacks as you move away! The phantom hits you.
The water moccasin attacks as you move away!
The water moccasin misses you. The water moccasin bites you.
The phantom attacks as you move away! The phantom hits you.
* * * LOW HITPOINT WARNING * * *
The water moccasin attacks as you move away!
The water moccasin misses you. You furiously retaliate!
You headbutt the water moccasin. The phantom attacks as you move away!
The phantom closely misses you.
The water moccasin attacks as you move away!
The water moccasin bites you.
* * * LOW HITPOINT WARNING * * *
The water moccasin bites you.
* * * LOW HITPOINT WARNING * * *
You hear the slow rusting of a drain nearby.
The phantom attacks as you move away! The phantom closely misses you.
You furiously retaliate!
You headbutt the phantom!
The water moccasin attacks as you move away!
The water moccasin closely misses you. You furiously retaliate!
You headbutt the water moccasin, but do no damage.
The water moccasin barely misses you.
You see here a +2 pair of boots.
Unknown command.
The water moccasin bites you.
* * * LOW HITPOINT WARNING * * *
The water moccasin attacks as you move away!
The water moccasin bites you!
You die...

.. .. ... ... ...####
#.. .......##### #..
...........# ...
#.........# ...
#.........# ...
#.....@W..#############
#####.[S......†........
####............###
+.............).
...............###
≈≈≈≈≈≈≈≈..#######
≈.......≈.##
≈.≈≈≈≈≈.≈.# ≈.≈_..≈.≈.#


You could see a water moccasin and a phantom.

Vanquished Creatures
  An ogre (D:3)
  An orc priest (D:3)
  An orc wizard (D:3)
  4 adders
  3 dart slugs
  An orc (D:3)
  5 bats
  6 endoplasms
  3 giant cockroaches
  3 goblins
  4 hobgoblins
  2 kobolds (D:1)
  3 quokkas
  4 ball pythons
  2 rats (D:1)
43 creatures vanquished.

Vanquished Creatures (others)
  A fungus (D:1)
1 creature vanquished.

Grand Total: 44 creatures vanquished

Notes
Turn   | Place    | Note
-------+----------+-------------------------------------------
     0 | D:1      | Linkola the Minotaur Berserker began the quest for the Orb.
     0 | D:1      | Reached XP level 1. HP: 19/19 MP: 0/0
   441 | D:1      | Reached skill level 4 in Maces & Flails
   441 | D:1      | Reached XP level 2. HP: 27/27 MP: 1/1
  1046 | D:1      | Found Molleoraha's Assorted Antiques.
  1269 | D:1      | Found a faded altar of an unknown god.
  1273 | D:1      | Reached skill level 1 in Throwing
  1273 | D:1      | Reached XP level 3. HP: 33/33 MP: 2/2
  1561 | D:2      | Reached ** piety under Trog
  1690 | D:2      | Identified the +4 ring mail "Gobotes" {rF+ Dex+2 SInv}
  2171 | D:3      | Identified the +0 leather armour of the Gazing Gods {Contam
                  | Rampage rPois Str+8}
  2282 | D:3      | Noticed an ogre
  2288 | D:3      | Killed an ogre
  2289 | D:3      | Reached skill level 5 in Maces & Flails
  2289 | D:3      | Reached XP level 4. HP: 20/41 MP: 3/3
  2289 | D:3      | Reached XP level 5. HP: 23/47 MP: 4/4
  2619 | D:3      | You fall into a shaft and drop 3 floors!
  2644 | D:6      | Noticed a phantom
  2698 | D:6      | Noticed a water moccasin
  2714 | D:6      | Found a shimmering altar of Xom.
  2723 | D:6      | Slain by a water moccasin

Illustrated notes

Levels and vault maps discovered:
D:1:      denvon_arrival_waterhouse, layout_loops_corners, serial_shops,
          nicolae_shop_crystal, dreamdust_ecumenical_altar_hidden_monk_grotto
D:2:      layout_basic, grunt_ministairs_8, minivault_23,
          hangedman_decor_growths
D:3:      layout_loops_cross, minitemple
D:6:      minmay_evil_eye, layout_basic, mainiacjoe_overflow_catwalk_spiral,
          portal_sewer_entry_a, uniq_eustachio, uniq_duvessa

Skill      XL: |  1  2  3  4  5 |
---------------+----------------+-----
Maces & Flails | 4 5 |  5.6
Throwing       | 1 2 |  2.4
Fighting       | 4 |  4.6
Armour         | 3 |  3.1
Dodging        | 3 |  3.0

Action                   |  1- 3 |  4- 6 || total
-------------------------+-------+-------++-------
Melee: Whip              |    66 |    12 ||    78
       Mace              |     5 |       ||     5
       Headbutt          |     9 |       ||     9
Throw: Stone             |    24 |     8 ||    32
  Use: Scroll            |     4 |       ||     4
 Stab: Sleeping          |     1 |       ||     1
Armor: Animal skin       |    15 |       ||    15
       Chain mail        |     6 |       ||     6
       Leather armour    |       |     5 ||     5
Dodge: Dodged            |    31 |    13 ||    44
